 Dungeon Crawl Stone Soup version 0.30-a0-222-ge547ba4400 (webtiles) character file.

Game seed: 15170082323536039736

877 mHuman the Ruffian (level 7, -4/68 HPs)
             Began as a Troll Gladiator on Oct 9, 2022.
             Slain by a yak (6 damage)
             ... on level 5 of the Dungeon.
             The game lasted 00:18:57 (3753 turns).

mHuman the Ruffian (Troll Gladiator)                Turns: 3753, Time: 00:18:58

Health: -4/68      AC:  4    Str: 23    XL:     7   Next: 75%
Magic:  6/6        EV: 10    Int:  4    God:
Gold:   263        SH:  0    Dex: 13    Spells: 6/6 levels left

rFire   . . .      SeeInvis .      - Unarmed
rCold   . . .      Faith    .    (no shield)
rNeg    . . .      Spirit   .    a - +0 robe
rPois   .          Reflect  .    b - +0 hat
rElec   .          Harm     .    (no cloak)
rCorr   .          Rampage  .    (gloves unavailable)
Will    .....                    (boots unavailable)
Stlth   +.........               (no amulet)
HPRegen 1.11/turn                (no ring)
MPRegen 0.10/turn                (no ring)

@: no status effects
A: large, unfitting armour, claws 3, regeneration 1, shaggy fur 1, tough skin 1
a: no special abilities


You were on level 5 of the Dungeon.
You visited 2 branches of the dungeon, and saw 6 of its levels.

You collected 263 gold pieces.

Inventory:

Missiles
 c - 4 throwing nets
 d - a large rock
 g - 14 stones (quivered)
 i - 15 poisoned darts
 r - 5 boomerangs
Armour
 a - a +0 robe (worn)
 b - a +0 hat (worn)
Magical Staves
 t - a staff of earth
Wands
 v - a wand of light (5)
 y - a wand of polymorph (11)
Scrolls
 e - 2 scrolls of identify
 h - a scroll of amnesia
 m - a scroll of fear {unknown}
 o - a scroll of poison {unknown}
 p - a scroll of vulnerability {unknown}
 w - a scroll of magic mapping {unknown}
Potions
 f - 2 potions of magic {unknown}
 k - a potion of heal wounds {unknown}
 l - 3 potions of cancellation {unknown}
 n - 3 potions of attraction {unknown}
 q - 4 potions of flight {unknown}
 s - 2 potions of lignification {unknown}
 u - a potion of resistance {unknown}
 x - 2 potions of curing


   Skills:
 + Level 3.9 Fighting
 + Level 4.3 Throwing
 - Level 2.4 Dodging
 * Level 6.9 Unarmed Combat


You had 6 spell levels left.
You didn't know any spells.
Your spell library contained the following spells:

 Spells                   Type           Power      Damage    Failure   Level
 Cigotuvi's Dreadful Rot  Necr/Pois/Air  0%         N/A       65%         2
 Poisonous Vapours        Pois/Air       0%         N/A       65%         2
 Dazzling Flash           Conj/Hex       0%         N/A       86%         3
 Mephitic Cloud           Conj/Pois/Air  0%         N/A       86%         3
 Tukima's Dance           Hex            0%         N/A       86%         3
 Iskenderun's Mystic Bla  Conj/Tloc      0%         2d3       99%         4
 Passage of Golubria      Tloc           0%         N/A       99%         4
 Yara's Violent Unravell  Hex/Tmut       0%         3d3       100%        5
 Starburst                Conj/Fire      0%         6d3       100%        6


Dungeon Overview and Level Annotations

Branches:
Dungeon (5/15)             Temple (1/1) D:5

Altars:
Ashenzari
Cheibriados
Dithmenos
Fedhas
Hepliaklqana
Makhleb
Qazlal
Ru
Trog
Uskayaw
Vehumet
Wu Jian
Yredelemnul
Zin

Shops:
D:2 :   D:4 *=   D:5 ?*

Annotations:
D:4 3 exclusions


Innate Abilities, Weirdness & Mutations

You are too large for most types of armour.
You have claws for hands.
Your natural rate of healing is unusually fast.
You are covered in fur. (AC +1)
You have tough skin. (AC +1)


Message History

The yak attacks as you move away! The yak gores you!
* * * LOW HITPOINT WARNING * * *
The yak attacks as you move away! The yak barely misses you.
The yak attacks as you move away! The yak gores you.
You open the door.
The yak gores you. 2 orcs come into view.
An orc is wielding a +0 dagger and quivering silver boomerangs.
The orc shouts! x2
An orc comes into view. It is wielding a +0 hand axe.
The orc moves out of view.
You hear an angry hiss.
The orc shouts!
There is an open door here.
The yak attacks as you move away! The yak gores you but does no damage.
An iguana comes into view.
The orc throws a silver boomerang.
The silver boomerang hits you. The orc hits you with a +0 club.
* * * LOW HITPOINT WARNING * * *
The yak attacks as you move away! The yak gores you.
* * * LOW HITPOINT WARNING * * *
The orc attacks as you move away! The orc hits you with a +0 dagger.
* * * LOW HITPOINT WARNING * * *
The orc attacks as you move away! The orc hits you but does no damage.
The orc attacks as you move away! The orc hits you with a +0 dagger.
* * * LOW HITPOINT WARNING * * *
The yak attacks as you move away! The yak gores you!
* * * LOW HITPOINT WARNING * * *
The orc attacks as you move away! The orc hits you with a +0 dagger.
* * * LOW HITPOINT WARNING * * *
The orc attacks as you move away! The orc hits you with a +0 dagger.
* * * LOW HITPOINT WARNING * * *
As you read the scroll labelled AGAIPP UKOMOH, it crumbles to dust.
It is a scroll of identify.
h - a scroll of amnesia The yak closely misses you.
As you read the scroll labelled TIRGHE LAOHIRR, it crumbles to dust.
You hear a loud clanging noise!
It was a scroll of noise.
The yak gores you!
* * * LOW HITPOINT WARNING * * *
The yak gores you.
You die...

###### ########....#
#...........#
########.......Y...#
.......'...Y.YlY@..#
########..o....oo..#
.......#######.#
........# .#
.........# #
.........#
.........#
.........# .# #.#


You could see 4 yaks, an iguana and 3 orcs.

Vanquished Creatures
  An ogre (D:5)
  2 phantoms
  Blork the orc (D:5)
  2 scorpions
  A howler monkey (D:5)
  A jelly (D:5)
  2 orc priests
  A hound (D:4)
  2 iguanas
  Ijyb (D:5)
  Natasha (thrice) (D:4)
  An orc wizard (D:5)
  3 adders
  A white imp (D:5)
  A worm (D:1)
  2 dart slugs
  10 orcs
  6 bats
  3 endoplasms
  3 giant cockroaches
  6 goblins
  8 hobgoblins
  6 jackals (D:5)
  4 quokkas
  6 ball pythons
  5 frilled lizards
  3 kobolds
  5 rats
90 creatures vanquished.

Vanquished Creatures (others)
  2 plants (D:4)
2 creatures vanquished.

Grand Total: 92 creatures vanquished

Notes
Turn   | Place    | Note
-------+----------+-------------------------------------------
     0 | D:1      | mHuman the Troll Gladiator began the quest for the Orb.
     0 | D:1      | Reached XP level 1. HP: 19/19 MP: 0/0
   379 | D:1      | Reached XP level 2. HP: 28/28 MP: 1/1
   762 | D:1      | You fall into a shaft and drop 1 floor!
  1049 | D:2      | Reached XP level 3. HP: 35/35 MP: 2/2
  1310 | D:2      | Found Vafueth's Book Shoppe.
  1416 | D:3      | Reached skill level 4 in Unarmed Combat
  1532 | D:3      | Noticed a phantom
  1538 | D:3      | Killed a phantom
  1539 | D:3      | Reached XP level 4. HP: 44/44 MP: 3/3
  1539 | D:3      | Reached XP level 5. HP: 50/50 MP: 4/4
  1660 | D:3      | Found a faded altar of an unknown god.
  2152 | D:4      | Noticed Natasha
  2159 | D:4      | Killed Natasha
  2160 | D:4      | Reached skill level 5 in Unarmed Combat
  2190 | D:4      | Noticed Natasha
  2195 | D:4      | Killed Natasha
  2208 | D:4      | Noticed a black bear
  2302 | D:4      | Reached XP level 6. HP: 59/59 MP: 5/5
  2428 | D:4      | Noticed Natasha
  2434 | D:4      | Killed Natasha
  2453 | D:4      | Found Uthan's Jewellery Boutique.
  2574 | D:4      | Found Baofisi's Assorted Antiques.
  2904 | D:5      | Entered Level 5 of the Dungeon
  2904 | D:5      | Found a staircase to the Ecumenical Temple.
  2917 | Temple   | Entered the Ecumenical Temple
  3314 | D:5      | Reached skill level 6 in Unarmed Combat
  3314 | D:5      | Reached XP level 7. HP: 67/67 MP: 6/6
  3317 | D:5      | Found an ornate altar of the Wu Jian Council.
  3365 | D:5      | Found Akezit's Assorted Antiques.
  3399 | D:5      | Noticed Ijyb
  3405 | D:5      | Killed Ijyb
  3439 | D:5      | Found a blossoming altar of Fedhas.
  3515 | D:5      | Found Mukkacvo's Magic Scroll Emporium.
  3606 | D:5      | Noticed Blork the orc
  3615 | D:5      | Killed Blork the orc
  3664 | D:5      | Noticed a yak
  3664 | D:5      | Noticed a yak
  3664 | D:5      | Noticed a yak
  3717 | D:5      | Noticed a yak
  3753 | D:5      | HP: 2/68 [yak (8)]
  3753 | D:5      | Slain by a yak

Illustrated notes

Levels and vault maps discovered:
D:1:      giann_horns, layout_loops_corners, minmay_tetromino_s4
D:2:      layout_rooms, serial_shops, nicolae_shop_crystal,
          kennysheep_nondescript
D:3:      layout_loops_ring, dreamdust_ecumenical_altar_angels_and_demons,
          minivault_19
D:4:      layout_basic, serial_shops, nicolae_stop_n_shop_2, shop,
          guppyfry_early_lair_pool, uniq_natasha
D:5:      layout_basic, mainiacjoe_overflow_boulevard, xom_butterflies,
          nicolae_overflow_crystal_walls, minmay_temple_entry_mist,
          serial_shops, shop, nicolae_lakefront_shop,
          nicolae_shop_temple_entry_statues_fountains,
          nicolae_shop_advertising_works [nicolae_subvault_shop_adworks],
          nicolae_lakefront_shop, uniq_blork_the_orc, uniq_eustachio, uniq_ijyb
Temple:   hellmonk_temple_forest_ring

Skill      XL: |  1  2  3  4  5  6  7 |
---------------+----------------------+-----
Throwing       | 2 3 4 |  4.3
Fighting       | 2 3 |  3.9
Unarmed Combat | 4 5 6 |  6.9
Dodging        | |  2.4

Action                   |  1- 3 |  4- 6 |  7- 9 || total
-------------------------+-------+-------+-------++-------
Melee: Unarmed           |    97 |    88 |    47 ||   232
       Punch             |     1 |     3 |     2 ||     6
  Use: Scroll            |       |       |     2 ||     2
 Stab: Sleeping          |     1 |     1 |       ||     2
Armor: Robe              |    32 |    25 |    14 ||    71
Dodge: Dodged            |    48 |    39 |    21 ||   108

Table legend: (Time is in decaauts)
 A = Elapsed time spent in this place.
 B = Non-inter-level travel time spent in this place.
 C = Inter-level travel time spent in this place.
 D = Time resting spent in this place.
 E = Time spent auto-exploring this place.
 F = Levels seen in this place.
 G = Mean time per level.
                   A        B        C        D        E       F      G
               +--------+--------+--------+--------+--------+-----+--------+
         Total |   3742 |   3574 |    168 |      0 |   2514 |   6 |  623.7 |
       Dungeon |   3455 |   3297 |    158 |      0 |   2382 |   5 |  691.0 |
        Temple |    286 |    276 |     10 |      0 |    132 |   1 |  286.0 |
               +--------+--------+--------+--------+--------+-----+--------+

Top non-repeatable levels by time:
     D:1: 970 daAuts
     D:3: 773 daAuts
     D:4: 711 daAuts
     D:5: 564 daAuts
     D:2: 436 daAuts
  Temple: 286 daAuts
